 Dungeon Crawl Stone Soup version 0.29.0-4-gdea44cf6ec (webtiles) character file.

Game seed: 10163943076968649138

29 qw the Chopper (level 3, -4/21 HPs)
             Began as a Tengu Warper on Aug 29, 2022.
             Slain by a gnoll
             ... wielding a +0 flail of protection
              (7 damage)
             ... on level 3 of the Dungeon.
             The game lasted 00:00:28 (1419 turns).

qw the Chopper (Tengu Warper)                       Turns: 1419, Time: 00:00:29

Health: -4/21      AC:  5    Str: 13    XL:     3   Next: 16%
Magic:  7/7        EV: 11    Int: 13    God:
Gold:   38         SH:  0    Dex: 13    Spells: 6/6 levels left

rFire   . . .      SeeInvis .   c - +1 war axe (venom)
rCold   . . .      Faith    .   (no shield)
rNeg    . . .      Spirit   .   a - +0 ring mail
rPois   .          Reflect  .   (helmet restricted)
rElec   .          Harm     .   (no cloak)
rCorr   .          Rampage  .   (no gloves)
Will    .....                   (boots unavailable)
Stlth   +.........              (no amulet)
HPRegen 0.07/turn               (no ring)
MPRegen 0.10/turn               (no ring)

@: no status effects
A: beak, talons 3
a: no special abilities


You were on level 3 of the Dungeon.
You visited 1 branch of the dungeon, and saw 4 of its levels.

You collected 80 gold pieces.
You spent 42 gold pieces at shops.


Innate Abilities, Weirdness & Mutations

You have a beak for a mouth.
You have claws for feet.


   Skills:
 - Level 2.0 Fighting
 + Level 3.9 Axes
 - Level 1.0 Throwing
 - Level 1.1 Armour
 - Level 2.1 Dodging
 - Level 2.0 Spellcasting
 - Level 2.4 Translocations


You had 6 spell levels left.
You didn't know any spells.
Your spell library contained the following spells:

 Spells                   Type           Power      Damage    Failure   Level
 Blink                    Tloc           14%        N/A       30%         2
 Gell's Gravitas          Tloc           7%         N/A       52%         3
 Lesser Beckoning         Tloc           7%         N/A       52%         3
 Teleport Other           Tloc           7%         N/A       52%         3
 Manifold Assault         Tloc           7%         N/A       99%         5

Inventory:

Hand Weapons
 b - a +1 vorpal flail
 c - a +1 war axe of venom (weapon)
Armour
 a - a +0 ring mail (worn)
Scrolls
 e - 2 scrolls of identify
 h - a scroll of enchant weapon {unknown}
Potions
 d - 2 potions of curing
 f - a potion of cancellation
 g - a potion of haste

Dungeon Overview and Level Annotations

Branches:
Dungeon (4/15)
 Temple: D:4-7

Altars:

Shops:
D:2 !(


Message History

It was a potion of cancellation.
You feel magically purged.
1347 ||| READING 4 scrolls of identify.
As you read the scroll of identify, it crumbles to dust.
g - a potion of haste;
1347 ||| IDENTIFYING silvery potion
1348 ||| READING 3 scrolls of identify.
As you read the scroll of identify, it crumbles to dust.
h - a potion of degeneration
1348 ||| IDENTIFYING smoky golden potion
1349 ||| DROPPING potion of degeneration.
You drop a potion of degeneration.
(D) Dungeon
Where to? (* - list waypoints, Enter - D:2, ? - help)
What level of the Dungeon? (default 1, ? - help)
There is a stone staircase leading up here.
You climb upwards.
Found a scroll labelled NANKUR EZEMMU.
There is a stone staircase leading down here.
Existing waypoints: (1) D:2 (2) D:4 Assign waypoint to what number? (0-9, D - delete waypoint) Waypoint 1 re-assigned from D:2 to D:3.
h - a scroll labelled NANKUR EZEMMU A bat comes into view.
You hit the bat.
You kill the bat!
Found 5 stones.
Enter note: A gnoll comes into view.
It is wielding a +0 flail of protection.
The gnoll throws a throwing net.
The throwing net hits you.
You become entangled in the net!
You tear a large gash into the net.
The gnoll closely misses you.
You shred the net and break free!
The gnoll hits you with a +0 flail of protection!
You closely miss the gnoll. You peck the gnoll, but do no damage.
The gnoll hits you with a +0 flail of protection!
You hit the gnoll.
The gnoll is poisoned.
You claw the gnoll.
The gnoll is heavily wounded.
The gnoll hits you with a +0 flail of protection!
You die...

##############
#.....@g.(....
##
#.############
#.# #.# #.###.##
###.#...########
#.....#.........
#.#.#...########
..###.## #.# #.#


You could see a gnoll (very poisoned).

Vanquished Creatures
  2 endoplasms (D:1)
  5 hobgoblins
  5 kobolds
  A ball python (D:1)
  6 bats
  2 frilled lizards
  3 goblins
  3 rats
27 creatures vanquished.

Notes
Turn   | Place    | Note
-------+----------+-------------------------------------------
     0 | D:1      | qw the Tengu Warper began the quest for the Orb.
     0 | D:1      | Reached XP level 1. HP: 12/12 MP: 4/4
     0 | D:1      | 0 ||| qw: Version: 0.1-a-89-g26bdef1
     0 | D:1      | 0 ||| qw: Game counter: 3454
     0 | D:1      | 0 ||| qw: Always use a shield: true
     0 | D:1      | 0 ||| qw: God list: Okawaru
     0 | D:1      | 0 ||| qw: Allow faded altars: false
     0 | D:1      | 0 ||| qw: Do Orc after D:15 true
     0 | D:1      | 0 ||| qw: Do second Lair branch before Depths: true
     0 | D:1      | 0 ||| qw: Lair rune preference: random
     0 | D:1      | 0 ||| qw: Plans: Normal
     0 | D:1      | 0 ||| PLANNING D:1-11
   272 | D:1      | 272 ||| READING scroll labelled CAYPAF WUINAY.
   273 | D:1      | 273 ||| DRINKING 2 green potions.
   282 | D:1      | Reached skill level 3 in Axes
   282 | D:1      | Reached XP level 2. HP: 7/17 MP: 6/6
   546 | D:1      | 546 ||| Stepping ~*~*~tactically~*~*~ (stealth).
   547 | D:1      | 547 ||| Stepping ~*~*~tactically~*~*~ (stealth).
   646 | D:1      | Found a faded altar of an unknown god.
  1068 | D:1      | 1068 ||| UPGRADING to +0 ring mail.
  1078 | D:1      | 1078 ||| DROPPING +0 leather armour.
  1079 | D:1      | 1079 ||| READING 2 scrolls labelled DOMEJEYLOA.
  1080 | D:1      | 1080 ||| DRINKING 4 glowing pink potions.
  1115 | D:1      | 1115 ||| DROPPING scroll of blinking.
  1116 | D:1      | 1116 ||| DROPPING 3 potions of lignification.
  1161 | D:2      | 1161 ||| DROPPING +0 club.
  1175 | D:2      | Found Kolot's Distillery.
  1179 | D:2      | 1179 ||| Stepping ~*~*~tactically~*~*~ (stealth).
  1197 | D:2      | 1197 ||| SHOPLISTING potion of cancellation (112 gold, have
                  | 72).
  1197 | D:2      | 1197 ||| BUYING potion of curing (42 gold).
  1197 | D:2      | Bought a potion of curing for 42 gold pieces
  1197 | D:2      | 1197 ||| SHOPLISTING potion of curing (42 gold, have 30).
  1197 | D:2      | 1197 ||| SHOPLISTING potion of heal wounds (70 gold, have
                  | 30).
  1197 | D:2      | 1197 ||| SHOPLISTING potion of mutation (112 gold, have
                  | 30).
  1204 | D:2      | Reached XP level 3. HP: 21/21 MP: 7/7
  1207 | D:2      | Found Empyad's Weapon Boutique.
  1217 | D:2      | 1217 ||| SHOPLISTING +5 demon whip "Spellbinder"
                  | {antimagic, Will+} (991 gold, have 30).
  1319 | D:2      | 1319 ||| SWAPPING to +1 war axe of venom.
  1320 | D:2      | 1320 ||| DROPPING +0 hand axe.
  1325 | D:2      | You fall into a shaft and drop 2 floors!
  1346 | D:4      | 1346 ||| DRINKING 2 bubbling red potions.
  1347 | D:4      | 1347 ||| READING 4 scrolls of identify.
  1347 | D:4      | 1347 ||| IDENTIFYING silvery potion
  1348 | D:4      | 1348 ||| READING 3 scrolls of identify.
  1348 | D:4      | 1348 ||| IDENTIFYING smoky golden potion
  1349 | D:4      | 1349 ||| DROPPING potion of degeneration.
  1418 | D:3      | HP: 3/21 [gnoll/+0 flail of protection (10)]
  1419 | D:3      | Slain by a gnoll

Levels and vault maps discovered:
D:1:      minmay_arrival_solitary_statue, layout_basic,
          ebering_ecumenical_altar_box, serial_glass, glass_columns_c,
          glass_columns_c
D:2:      cheibrodos_greedy_goblins, layout_rooms, serial_shops,
          nicolae_shop_hallway_plus, nicolae_shop_stone,
          nicolae_shop_advertising_works [nicolae_subvault_shop_adworks], shop,
          chequers_serial_rivers_micro_b
D:3:      layout_loops_ring, zin_treasury
D:4:      kennysheep_the_goblin_king, layout_basic

Skill      XL: |  1 |
---------------+----+-----
Axes           | 3 |  3.9
Fighting       | |  2.0
Throwing       | |  1.0
Armour         | |  1.1
Dodging        | |  2.1
Spellcasting   | |  2.0
Translocations | |  2.4

Action                   || total
-------------------------++-------
Melee: Hand axe          ||    45
       Kick              ||     9
       Peck              ||     4
       War axe           ||     3
Throw: Boomerang         ||     7
  Use: Scroll            ||     4
       Potion            ||     3
Armor: Leather armour    ||     6
       Ring mail         ||     7
Dodge: Dodged            ||    23

Table legend:
 A = Non-vault XP
 B = Vault XP
 C = Vault XP percentage of total XP
 D = Non-vault monster count
 E = Vault monster count
 F = Vault count percentage of total count
                 A         B        C        D         E       F
            +---------+---------+-------+---------+---------+-------
      Total |      42 |       0 |   0.0 |      27 |       0 |   0.0
            +---------+---------+-------+---------+---------+-------
        D:1 |      25 |       0 |   0.0 |      16 |       0 |   0.0
        D:2 |      15 |       0 |   0.0 |      10 |       0 |   0.0
        D:3 |       2 |       0 |   0.0 |       1 |       0 |   0.0
            +---------+---------+-------+---------+---------+-------
